AoeStats
← Tyto Alba

Marketplace

505605827Analyzed
1v1 RM · 22d ago on Sep 10, 2026· 29m 23s· 2 players
Game mode
Random Map
Map size
Tiny (2 player)
Population
200
Speed
Normal
Resources
Standard
Victory
Conquest
Starting age
Dark Age
Ending age
Imperial Age
RankedLock teamsTeams togetherTeam positionsShared explorationLock speedFull tech treeHidden civsTurbo modeCheats
Victory
Defeat
🇩🇪 Saracens · Germany
1016
+16
🇨🇳 Franks · China
1014
-16
Fshow
11:03 Feudal Age
9:18 Loom
16:06 Castle Age
14:31 Double-Bit Axe
20:12 Wheelbarrow
19:50 Bow Saw
22:23 Gold Mining
27:40 Scale Barding Armor
Tyto Alba
8:59 Loom
10:48 Feudal Age
11:34 Double-Bit Axe
18:47 Loom
21:46 Castle Age
19:41 Horse Collar
22:10 Gold Mining
23:02 Fletching
23:50 Bloodlines
23:42 Husbandry
24:01 Bow Saw
24:38 Bodkin Arrow
27:47 Scale Barding Armor
27:45 Padded Archer Armor
28:31 Heavy Plow
29:13 Wheelbarrow
Connection lost

Rejoining the realm…

Still unreachable

The connection could not be restored.

Session expired

The server has moved on; the page needs a fresh start.